Unix xNetHack Version 7.1.0 - last build Jul 4 2022 02:09:00 (ec8469f2eb63cac24863ec985b09651f3a72bf9f). Game began 2022-07-09 17:37:54, ended 2022-07-09 20:08:00. Raisse, neutral female gnomish Wizard -- -.--- --- -....-- |..------......| -- -....--.h.....--.----- |....................--- |..................*...| |.......aa...--- ........... --....aaaa.*<| ......- .....--sGa)..-- -----|..(---.| --.-- -- --- Raisse the Conjurer St:8 Dx:13 Co:15 In:17 Wi:9 Ch:13 Neutral Dlvl:7 $:108 HP:0(32) Pw:35(40) AC:5 Xp:4/157 T:2065 Weak Latest messages: The killer bee just misses! Are you sure you want to pray? [yn] (n) y You begin praying to Thoth. You are surrounded by a shimmering light. The giant spider starts to attack you, but pulls back. The killer bee starts to attack you, but pulls back. The killer bee starts to attack you, but pulls back. The giant spider starts to attack you, but pulls back. The killer bee starts to attack you, but pulls back. The killer bee starts to attack you, but pulls back. The giant spider starts to attack you, but pulls back. The killer bee starts to attack you, but pulls back. The killer bee starts to attack you, but pulls back. The killer bee starts to attack you, but pulls back. The killer bee starts to attack you, but pulls back. The giant spider starts to attack you, but pulls back. The killer bee starts to attack you, but pulls back. The killer bee starts to attack you, but pulls back. The killer bee starts to attack you, but pulls back. The killer bee starts to attack you, but pulls back. You finish your prayer. You feel that Thoth is well-pleased. You feel much better. What do you want to write with? [- a-dfmov-yD or ?*] - Do you want to add to the current engraving? [ynq] (y) n You wipe out the message that was written in the dust here. You write in the dust with your fingertip. What do you want to write in the dust here? Elbereth The giant spider bites! The giant spider's bite was poisoned! You hear crashing rock. The killer bee stings! The killer bee stings! The killer bee's sting was poisoned! Your silver crested helmet deflects the killer bee's attack. The killer bee stings! What do you want to write with? [- a-dfmov-yD or ?*] = You don't have that object. What do you want to write with? [- a-dfmov-yD or ?*] Never mind. What do you want to write with? [- a-dfmov-yD or ?*] = You don't have that object. What do you want to write with? [- a-dfmov-yD or ?*] - Do you want to add to the current engraving? [ynq] (y) y You add to the writing in the dust with your fingertip. What do you want to add to the writing in the dust here? Elbereth The giant spider bites! You die... Do you want your possessions identified? [ynq] (y) y Do you want to see your attributes? [ynq] (y) q Major events: Turn 1: Raisse the neutral female gnomish Wizard entered the dungeon 1357: attained the rank of Conjurer (level 3) 1926: entered the Gnomish Mines 2065: killed by a giant spider Inventory: Inventory: 457/625 weight (34/52 slots) Coins $ - 108 gold pieces {1} Weapons a - 4 uncursed +0 daggers (wielded) {40} b - 3 uncursed +0 arrows {3} c - 9 cursed +0 shuriken {9} d - a blessed +1 quarterstaff {40} m - an uncursed +0 orcish dagger (alternate weapon; not wielded) {10} o - a cursed -1 orcish dagger {10} v - 6 cursed +0 arrows {6} x - an uncursed +0 plastic dagger {2} Armor n - a cursed -1 dwarvish cloak {10} t - an uncursed +0 cloak of protection {10} C - an uncursed +0 cloak of magic resistance (being worn) {8} G - an uncursed +0 pair of leather gloves (being worn) {8} H - an uncursed +0 silver helmet (being worn) {25} S - an uncursed +0 metal shield of reflection (being worn) {29} Comestibles e - 2 uncursed food rations {40} k - an uncursed pancake {2} l - an uncursed strange object {5} p - 3 uncursed apples {6} q - 2 uncursed pears {4} T - an uncursed tripe ration {10} Scrolls g - an uncursed scroll of blank paper {5} r - a cursed scroll of enchant weapon {5} A - an uncursed scroll of destroy armor {5} Potions h - an uncursed potion of levitation {20} i - a blessed potion of see invisible {20} j - an uncursed potion of water {20} s - a cursed potion of sleeping {20} u - an uncursed potion of invisibility {20} z - an uncursed potion of monster detection {20} B - an uncursed potion of blindness {20} Rings D - an uncursed +1 ring of adornment {3} Wands f - an uncursed wand of undead turning (0:6) {7} w - an uncursed wand of create monster (0:14) {7} y - an uncursed wand of striking (0:4) {7} Raisse the Wizard's attributes: Background: You were a Conjurer, a level 4 female gnomish Wizard. You were neutral, on a mission for Thoth who was opposed by Ptah (lawful) and Anhur (chaotic). You were bisexual. You were in the Gnomish Mines, on level 7. You entered the dungeon 2065 turns ago. You had 157 experience points, 3 more were needed to attain level 5. Basics: You had 0 out of 32 hit points. You had 35 out of 40 energy points (spell power). Your armor class was 5. Your wallet contained 108 zorkmids. Autopickup was on for '$!?/"=+' plus thrown, with exceptions. Final Characteristics: Your strength was 8 (base:9, limit:18/50). Your dexterity was 13 (limit:18). Your constitution was 15 (limit:18). Your intelligence was 17 (limit:19). Your wisdom was 9 (limit:18). Your charisma was 13 (limit:18). Final Status: You were weak from severe hunger. You were unencumbered. You were wielding daggers. You were unskilled in dagger. Final Attributes: You were piously aligned. You were magic-protected. You were telepathic. You had infravision. You were warded. You had reflection. You are dead. Miscellaneous: You never encountered a bones level. Total elapsed playing time was 1 hour, 23 minutes and 55 seconds. Vanquished creatures: a giant ant 2 little dogs a floating eye a rothe a rabid rat a wererat a werejackal 2 iguanas a killer bee 2 acid blobs a gas spore 2 hobbits a brown mold a yellow mold a gnome 3 geckos a jackal a fox a kobold 3 goblins a grid bug 2 lichens 8 newts 39 creatures vanquished. No species were genocided or became extinct. Voluntary challenges: You read items or engraved 8 times. You never genocided any monsters. You never polymorphed an object. You never changed form. You never touched an artifact. You used no wishes. You never scared an enemy with impunity. You were celibate. You never generated conflict. Achievements: You entered a shop. You attained the rank of Conjurer. You entered the Gnomish Mines. The Dungeons of Doom: levels 1 to 5 Level 1: A fountain. Level 2: An armor shop. Level 3: Level 4: Stairs down to The Gnomish Mines. Level 5: The Gnomish Mines: levels 5 to 7 Level 5: Level 7: <- You were here. Final resting place for you, killed by a giant spider. Game over: __________ / \ / REST \ / IN \ / PEACE \ / \ | Raisse | | 108 Au | | killed by a | | giant spider | | | | | | 2022 | *| * * * | * _________)/\\_//(\/(/\)/\//\/|_)_______ Goodbye Raisse the Wizard... You died in The Gnomish Mines on dungeon level 7 with 1046 points, and 108 pieces of gold, after 2065 moves. You were level 4 with a maximum of 32 hit points when you died.